 Dungeon Crawl Stone Soup version 0.17.0-24-gcfadda4 (webtiles) character file.

1805 M4edhros the Covert (level 9, 0/53 HPs)
             Began as an Octopode Artificer on Nov 16, 2015.
             Was a Believer of Fedhas.
             Slain by an orc
             ... wielding a +0 club
              (4 damage)
             ... on level 6 of the Dungeon.
             The game lasted 00:11:00 (4934 turns).

M4edhros the Covert (Octopode Artificer)            Turns: 4934, Time: 00:11:00

Health: 0/53       AC:  1    Str: 11    XL:     9   Next: 9%
Magic:  15/15      EV: 14    Int: 19    God:    Fedhas [**....]
Gold:   199        SH:  0    Dex: 15    Spells: 0 memorised, 8 levels left

rFire  + . .     SeeInvis .     N - +0 dagger (elec)
rCold  . . .     Clarity  .     (no shield)
rNeg   . . .     SustAt   .     (helmet restricted)
rPois  .         Gourm    .     (no amulet)
rElec  .         Spirit   .     H - +5 ring of intelligence
rCorr  .         Warding  .     I - ring of protection from fire
rMut   .         Stasis   .     (no ring)
MR     .....                    (no ring)
Stlth  ++++++....               (no ring)
                                (no ring)
                                (no ring)
                                (no ring)

@: not resistant to hostile enchantments, very stealthy
A: almost no armour, amphibious, 8 rings, constrict 8, camouflage 1, screaming
1, gelatinous body 1
a: Evolution, Sunlight, Renounce Religion


You were on level 6 of the Dungeon.
You worshipped Fedhas.
Fedhas was pleased with you.
You were not hungry.

You visited 2 branches of the dungeon, and saw 7 of its levels.

You collected 199 gold pieces.

Inventory:

Hand Weapons
 r - a +0 hunting sling
 w - a +0 flail of protection
 J - a +0 blowgun
 L - a +1 dagger of flaming
 M - a +2 whip of freezing
 N - a +0 dagger of electrocution (weapon)
Missiles
 i - 276 stones (quivered)
 n - 44 sling bullets
 A - a throwing net
 K - 6 poisoned needles
 R - 2 curare-tipped needles
Jewellery
 F - the amulet "Qucyon" {Inacc rElec MP+9}
   (You found it on level 6 of the Dungeon)

   [amulet of inaccuracy]

   It reduces the accuracy of all your attacks.
   It insulates you from electricity.
   It affects your magic capacity (+9).
 H - a +5 ring of intelligence (left tentacle)
 I - a ring of protection from fire (right tentacle)
Wands
 b - a wand of flame (4)
 c - a wand of enslavement (8)
 d - a wand of random effects (13)
 G - a wand of frost (29)
Scrolls
 f - 7 scrolls of identify {unknown}
 o - a scroll of immolation {unknown}
 p - a scroll of enchant weapon {unknown}
 q - 3 scrolls of remove curse {unknown}
 v - a scroll of fear {unknown}
 y - 2 scrolls of blinking {unknown}
 z - a scroll of enchant armour {unknown}
 C - a scroll of teleportation {unknown}
 D - a scroll of vulnerability {unknown}
 E - a scroll of amnesia {unknown}
 P - a scroll of fog {unknown}
Potions
 a - a potion of brilliance {unknown}
 g - a potion of cancellation {unknown}
 h - 3 potions of might {unknown}
 j - 2 potions of haste {unknown}
 k - 4 potions of heal wounds {unknown}
 l - 2 potions of magic {unknown}
 m - a potion of beneficial mutation {unknown}
 s - 2 potions of curing
 t - 2 potions of berserk rage {unknown}
 x - a potion of invisibility {unknown}
 Q - 2 potions of agility {unknown}
Books
 O - a Necronomicon

   Spells                             Type                      Level
   a - Haunt                          Necromancy/Summoning         7
   b - Borgnjor's Revivification      Necromancy                   8
   c - Death's Door                   Charms/Necromancy            8
   d - Necromutation                  Transmutation/Necromancy     8
Comestibles
 e - 2 bread rations
 u - 2 beef jerkies
 B - 3 meat rations


   Skills:
 - Level 1.0 Fighting
 - Level 1.0 Short Blades
 + Level 4.4 Slings
 + Level 4.6 Dodging
 + Level 9.6 Stealth
 + Level 0.0 Invocations
 + Level 8.1 Evocations


You had 8 spell levels left.
You didn't know any spells.

Dungeon Overview and Level Annotations

Branches:
Dungeon (6/15)             Temple (1/1) D:6

Altars:
Ashenzari
Dithmenos
Elyvilon
Fedhas
Gozag
Kikubaaqudgha
Makhleb
Nemelex Xobeh
Okawaru
Qazlal
Ru
Sif Muna
Trog
Vehumet
Xom
Yredelemnul
Zin
The Shining One


Innate Abilities, Weirdness & Mutations

You cannot wear most types of armour.
You are amphibious.
You can wear up to eight rings at the same time.
You can use your tentacles to constrict eight enemies at once.
Your skin changes colour to match your surroundings (Stealth).
Your rubbery body absorbs attacks (AC +1).
You occasionally shout uncontrollably at your foes.


Message History

* * * LOW HITPOINT WARNING * * *
The exploding tomahawk explodes!
The explosion of tomahawk fragments engulfs you!
* * * LOW HITPOINT WARNING * * *
The explosion of tomahawk fragments engulfs the adder.
The adder dies!
Drink which item? (? for menu, Esc to quit)
You feel better.
The orc throws an exploding tomahawk.
The exploding tomahawk hits you.
* * * LOW HITPOINT WARNING * * *
The exploding tomahawk explodes!
The explosion of tomahawk fragments engulfs you!
* * * LOW HITPOINT WARNING * * *
Evoke which item? (* to show all) (? for menu, Esc to quit)
Zapping:
c - a wand of enslavement (9)
Press: ? - help, Shift-Dir - straight line, f - orc
Aim: an orc, wielding a short sword (chance to defeat MR: 89%)
The orc is charmed.
This wand has 8 charges left.
The orc hits you with a club.
You die...
Fedhas appreciates your contribution to the ecosystem.

..########.##.#
... #....# ..#
#.##.# .....
#....# ..#
#.##f# .....#
#....# ..#
#.##f#
####.....#
###### ..#
#.##.#
#........# ..#
..##.###.......#
###
#..ff[......#
#.##))......###
####@..........
#o.).....##..
##........(..
#.....#'....≈..⌠
#..##.#.o.≈≈≈≈..
... #....≈≈≈≈...
## ####..≈≈≈$..
#..≈≈≈≈≈.
...../..≈


You could see an orc, 2 friendly wandering mushrooms and a friendly orc.

Vanquished Creatures
  Pikel (D:6)
  Grinder (D:6)
  An ogre (D:5)
  4 slaves (D:6)
  A centaur (D:6)
  A gnoll sergeant (D:5)
  3 scorpions
  2 wights (D:6)
  A hound (D:6)
  A giant frog zombie (D:5)
  2 centaur skeletons
  An orc wizard (D:3)
  A giant frog skeleton (D:4)
  An iguana (D:4)
  2 worker ants
  2 gnolls (D:5)
  8 adders
  2 oozes
  9 worms
  4 giant geckos
  15 orcs
  7 bats
  3 giant cockroaches
  2 goblins (D:3)
  6 hobgoblins
  6 jackals
  9 kobolds
  A quokka (D:5)
  4 ball pythons
  6 giant newts
  4 rats
111 creatures vanquished.

Vanquished Creatures (collateral kills)
  The ghost of Gravenous the Chiller, a novice OpIE (D:5)
  Edmund (D:6)
  An ogre (D:4)
  A phantom (D:6)
  A giant frog (D:6)
  2 wights (D:6)
  An iguana (D:6)
  A hound zombie (D:6)
  4 gnolls (D:5)
  A shadow imp (D:6)
  An orc (D:6)
  A giant newt (D:6)
  A jackal (D:6)
17 creatures vanquished.

Vanquished Creatures (others)
  An adder (D:6)
  67 toadstools
68 creatures vanquished.

Grand Total: 196 creatures vanquished

Notes
Turn   | Place    | Note
--------------------------------------------------------------
     0 | D:1      | M4edhros the Octopode Artificer began the quest for the Orb.
     0 | D:1      | Reached XP level 1. HP: 13/13 MP: 3/3
    85 | D:1      | Reached XP level 2. HP: 15/18 MP: 4/4
   366 | D:1      | Reached skill level 4 in Evocations
   517 | D:2      | Reached XP level 3. HP: 21/23 MP: 6/6
   768 | D:4      | Noticed a scorpion
   768 | D:4      | Noticed a scorpion
   781 | D:4      | Reached XP level 4. HP: 9/28 MP: 7/7
  1065 | D:4      | Found a stormy altar of Qazlal.
  1092 | D:5      | Entered Level 5 of the Dungeon
  1180 | D:5      | Noticed Gravenous's ghost (novice OpIE)
  1287 | D:5      | Reached skill level 5 in Evocations
  1287 | D:5      | Reached XP level 5. HP: 22/33 MP: 8/8
  1443 | D:5      | Found a blossoming altar of Fedhas.
  1458 | D:5      | Noticed an ogre
  1462 | D:5      | Noticed an ice beast
  1465 | D:5      | Noticed an ice beast
  1465 | D:5      | Killed Gravenous's ghost
  1465 | D:5      | Reached skill level 5 in Stealth
  1465 | D:5      | Reached XP level 6. HP: 38/38 MP: 8/10
  1501 | D:5      | Noticed a gnoll sergeant
  1503 | D:5      | Reached skill level 6 in Stealth
  1505 | D:5      | Killed an ogre
  1668 | D:5      | Killed a gnoll sergeant
  1668 | D:5      | Reached XP level 7. HP: 13/43 MP: 11/11
  2040 | D:6      | Reached skill level 7 in Stealth
  2056 | D:6      | Got a flickering silver amulet
  2087 | D:6      | Found a staircase to the Ecumenical Temple.
  2110 | D:6      | Noticed Edmund
  2120 | Temple   | Entered the Ecumenical Temple
  2366 | Temple   | Became a worshipper of Xom of Chaos
  2469 | D:5      | Fell from the grace of Xom
  2469 | D:5      | Became a worshipper of Fedhas Madash
  2499 | D:4      | Identified the amulet "Qucyon" {Inacc rElec MP+9} (You found it on level 6 of the Dungeon)
  2512 | D:4      | Noticed a moth of wrath
  3014 | D:3      | Reached * piety under Fedhas
  3104 | D:3      | XOM: mild Ice miscast
  3600 | D:4      | Reached skill level 1 in Slings
  3748 | D:4      | Killed a scorpion
  3756 | D:4      | Killed a scorpion
  3906 | D:4      | Noticed an ogre
  3946 | D:4      | Killed an ogre
  4044 | D:4      | Found a bloodstained altar of Trog.
  4302 | D:6      | Reached skill level 8 in Stealth
  4302 | D:6      | Reached XP level 8. HP: 18/48 MP: 13/13
  4322 | D:6      | Found a shattered altar of Ashenzari.
  4427 | D:6      | XOM: give mutation
  4427 | D:6      | Gained mutation: You occasionally shout uncontrollably at your foes. [Xom's mischief]
  4579 | D:6      | Noticed Pikel
  4580 | D:6      | Found a shimmering altar of Xom.
  4605 | D:6      | Killed Pikel
  4635 | D:6      | Noticed Grinder
  4644 | D:6      | Killed Grinder
  4644 | D:6      | Reached skill level 9 in Stealth
  4734 | D:6      | Killed Edmund
  4769 | D:6      | XOM: polymorph wandering mushroom -> wandering mushroom
  4860 | D:6      | Found an ancient bone altar of Kikubaaqudgha.
  4876 | D:6      | Reached ** piety under Fedhas
  4887 | D:6      | Reached XP level 9. HP: 27/53 MP: 15/15
  4934 | D:6      | Slain by an orc

Action                   |  1- 3 |  4- 6 |  7- 9 || total
-------------------------+-------+-------+-------++-------
Melee: Short sword       |    46 |       |       ||    46
       Flail             |     6 |    38 |    60 ||   104
       Dagger            |       |       |   105 ||   105
Invok: Evolution         |       |       |     3 ||     3
Evoke: Wand              |       |    13 |     7 ||    20
  Use: Potion            |       |     3 |     1 ||     4
 Stab: Sleeping          |     9 |     5 |    23 ||    37
       Confused          |       |       |     3 ||     3
  Eat: Bread ration      |       |     1 |       ||     1
       Chunk             |       |       |     3 ||     3
       Beef jerky        |       |       |     1 ||     1
       Meat ration       |       |       |     1 ||     1
